 Dungeon Crawl Stone Soup version 0.31-a0-365-gcf821cafb2 (webtiles) character file.

Game seed: 10490263726543683275

46096 shakesphere1979 the Nimble (level 14, -5/103 HPs)
             Began as a Djinni Air Elementalist on July 25, 2023.
             Was the Champion of Cheibriados.
             Slain by an orc warrior
             ... wielding a +0 glaive
             ... led by an orc warlord
              (14 damage)
             ... on level 2 of the Orcish Mines on July 27, 2023.
             The game lasted 02:56:17 (17415 turns).

shakesphere1979 the Nimble (DjAE)                  Turns: 17415, Time: 02:56:18

Health: -5/103     AC: 11    Str: 24    XL:     14   Next: 74%
Gold:   1403       EV: 24    Int: 38    God:    Cheibriados [******] SH:  0 Dex: 32

rFire   + + .        X - +2 war axe (elec)
rCold   x . .        (no shield)
rNeg    . . .        i - +0 acid dragon scales
rPois   ∞            (no helmet)
rElec   +            G - +1 cloak
rCorr   +            F - +0 pair of gloves
SInv    +            (boots unavailable)
Will    ++...        E - amulet of regeneration
Stlth   ++++         D - ring of the Real Monster {rElec Will+ Int+2 SInv Stlth+}
HPRegen 1.17/turn    w - ring of Nuaresum {Dex+4 Slay+4}
MPRegen 0.00/turn

%: infuse magic (-6 HP)
@: flying, invisible, very slow
A: sickness immunity, fire resistance 2, cold vulnerability 1, float, innate
caster, HP casting, extra vitality 1
a: Renounce Religion, Bend Time, Temporal Distortion, Slouch, Step From Time


You were on level 2 of the Orcish Mines.
You worshipped Cheibriados.
Cheibriados was exalted by your worship.
You visited 3 branches of the dungeon, and saw 17 of its levels.
You also visited: Sewer.

You collected 1403 gold pieces.

Inventory:

Hand Weapons
 a - a +3 whip of electrocution
 l - a +2 mace of holy wrath
 N - a +1 dagger of venom
 X - a +2 war axe of electrocution (weapon)
Missiles
 n - 62 poisoned darts (quivered)
 x - a curare-tipped dart
 O - a throwing net
 R - 4 silver javelins
Armour
 i - +0 acid dragon scales (worn)
 F - a +0 pair of gloves (worn)
 G - a +1 cloak (worn)
 K - +0 steam dragon scales
 U - a +0 chain mail
 W - +0 fire dragon scales
Magical Staves
 b - a staff of conjuration
 u - a staff of earth
Jewellery
 g - a ring of resist corrosion
 t - a +6 ring of dexterity
 w - the ring of Nuaresum (right hand) {Dex+4 Slay+4}
   (You acquired it on level 2 of the Lair of Beasts)

   [ring of slaying]

   Dex:       It affects your dexterity (+4).
   Slay:      It affects your accuracy & damage with ranged weapons and melee
   (+4).
 y - a +5 ring of evasion
 D - the ring of the Real Monster (left hand) {rElec Will+ Int+2 SInv Stlth+}
   (You acquired it in a sewer)

   [ring of willpower]

   Int:       It affects your intelligence (+2).
   rElec:     It insulates you from electricity.
   SInv:      It lets you see invisible.
   Will:      It increases your willpower.
   Stlth:     It makes you more stealthy.
 E - an amulet of regeneration (around neck)
Wands
 f - a wand of quicksilver (8)
 m - a wand of flame (26)
 v - a wand of iceblast (19)
 H - a wand of paralysis (12)
 M - a wand of mindburst (12)
 T - a wand of digging (7)
Scrolls
 c - 5 scrolls of teleportation
 e - 2 scrolls of identify
 h - a scroll of acquirement
 j - a scroll of butterflies
 k - a scroll of torment
 p - a scroll of revelation
 r - 4 scrolls of enchant weapon
 J - 2 scrolls of vulnerability
 Q - 2 scrolls of enchant armour
 V - a scroll of blinking
Potions
 d - 6 potions of mutation
 o - 2 potions of berserk rage
 q - 3 potions of invisibility
 s - 3 potions of attraction
 z - 2 potions of heal wounds
 A - 2 potions of cancellation
 B - 4 potions of might
 C - a potion of experience
 I - 3 potions of enlightenment
 L - 2 potions of curing
 P - a potion of lignification
 S - a potion of ambrosia


   Skills:
 + Level 10.4 Fighting
 - Level 4.0 Staves
 - Level 3.0 Throwing
 + Level 5.8 Armour
 - Level 11.0 Dodging
 - Level 4.0 Stealth
 + Level 9.4 Spellcasting
 + Level 9.4 Conjurations
 + Level 9.4 Hexes
   Level 0.0 Charms
 + Level 9.4 Summonings
 + Level 9.4 Necromancy
 + Level 9.4 Translocations
 + Level 9.4 Transmutations
 + Level 9.4 Fire Magic
 + Level 9.4 Ice Magic
 + Level 9.4 Air Magic
 + Level 9.4 Earth Magic
 + Level 9.4 Poison Magic
 - Level 10.0 Invocations
 - Level 10.0 Evocations


You knew the following spells:

 Your Spells              Type           Power      Damage    Failure   Level
a - Shock                 Conj/Air       100%       1d9       1%          1
b - Static Discharge      Conj/Air       100%       2-7/arc   1%          2
c - Swiftness             Air            74%        N/A       1%          3
d - Airstrike             Air            37%        2d(6-22)  1%          4
e - Foxfire               Conj/Fire      100%       2x1d9     1%          1
f - Scorch                Fire           100%       2d9       1%          2
g - Stone Arrow           Conj/Erth      100%       3d13      1%          3
h - Volatile Blastmotes   Fire/Tloc      100%       2d18      1%          3
i - Leda's Liquefaction   Hex/Erth       37%        N/A       1%          4
j - Borgnjor's Vile Clut  Necr/Erth      37%        N/A       1%          5
Your spell library was empty.

Dungeon Overview and Level Annotations

Branches:
Dungeon (10/15)            Temple (0/1) D:6            Lair (5/5) D:10
  Swamp (0/4) Lair:2       Spider (0/4) Lair:2        Slime (0/5) Lair:4
    Orc (2/2) D:9             Elf (0/3) Orc:2         Sewer (visited)

Altars:
Cheibriados
Fedhas
Hepliaklqana
Makhleb
Nemelex Xobeh
Ru
Uskayaw
Wu Jian
Xom
Yredelemnul
Jiyva

Shops:
D:3 (

Portals:
Bazaar: Orc:2

Annotations:
D:1 2 runed translucent doors
D:3 2 transporters, Wiilli's ghost, amateur GrEE
D:4 1 runed translucent door, cforsyth's ghost, novice GnAr
Lair:2 exclusion: 2 oklob plants


Innate Abilities, Weirdness & Mutations

You are immune to sickness and miasma.
You are immune to poison.
Your flesh is very heat resistant. (rF++)
You are vulnerable to cold. (rC-)
You float through the air rather than walking.
You learn spells naturally, not from books.
Your magical power is your life essence.
You have superior vitality. (+4 MHP)


Message History

You fade into invisibility!
The zombie hands constrict the orc warlord!
The orc warrior completely misses you. x2; The ogre misses you.
The orc warlord shoots a bolt.
The bolt hits you.
* * * LOW HITPOINT WARNING * * *
You slash the ogre!
The ogre is moderately wounded.
You strike the helpless orc warrior from behind!
You hit the orc warrior but do no damage.
Lightning courses through the orc warrior!
The zombie hands constrict the orc warlord!
The cloud of blastmotes explodes!
The concussive blast engulfs the orc warrior!
The orc warrior is moderately wounded.
The concussive blast engulfs the orc warlord!
The orc warlord is heavily wounded.
The concussive blast engulfs the ogre!
The ogre is severely wounded.
The concussive blast engulfs the orc warrior!!
You kill the orc warrior!
Cheibriados appreciates the change of pace.
The concussive blast engulfs you. You resist.
* * * LOW HITPOINT WARNING * * *
The zombie hands lose their grip on the orc warlord.
The orc warlord is knocked back by the blast.
The ogre is knocked back by the blast.
The orc warlord shoots a bolt.
The bolt closely misses the orc warrior.
The bolt barely misses you. The ogre closely misses you.
The orc warlord shoots a bolt.
The bolt hits you.
* * * LOW HITPOINT WARNING * * *
The orc warrior closely misses you.
The orc warlord shoots a bolt.
The bolt barely misses you.
The bolt closely misses the ogre.
The orc warrior closely misses you.
There is a stone staircase leading up here.
The orc warrior no longer looks unusually strong.
The ogre closely misses you.
The orc warlord shoots a bolt.
The bolt completely misses you.
The bolt hits the ogre!!
The ogre dies!
The orc warrior hits you with a +0 glaive!
You die...

###########
.......)).##.##
.......@o.......
......))[.......
.....o>.........
........[...[...
................
................
................
...............


You could see an orc warlord (unable to see you) and an orc warrior (unable to
see you).

Vanquished Creatures
  A fire dragon (Lair:5)
  3 hydras
  A boulder beetle (Lair:5)
  A catoblepas (Lair:2)
  2 two-headed ogres
  5 death yaks
  A shock serpent (shapeshifter) (D:9)
  An orc knight (Orc:1)
  A swamp dragon (Lair:5)
  A wolf spider (Lair:5)
  A cyclops (D:10)
  14 cane toads
  4 elephants (Lair:4)
  A guardian serpent (Lair:5)
  9 black mambas
  2 rime drakes (Lair:5)
  11 komodo dragons
  A troll (D:10)
  2 hornets (Lair:5)
  4 dream sheep (Lair:4)
  26 blink frogs
  2 slime creatures (Lair:4)
  23 yaks
  2 culicivoras (Lair:2)
  A wraith (D:7)
  6 spriggans (Lair:4)
  14 wyverns
  2 basilisks (Lair:5)
  3 steam dragons
  A redback (Lair:5)
  2 wargs
  A vampire mosquito (D:10)
  2 acid dragons
  18 water moccasins
  2 swamp drakes (Lair:5)
  14 orc warriors
  An ice beast (D:7)
  2 sky beasts (D:7)
  5 black bears
  7 ogres
  5 centaurs
  19 wolves
  5 kobold brigands
  11 bullfrogs
  2 scorpions
  6 wights
  7 killer bees
  3 electric eels
  2 howler monkeys
  8 orc priests
  3 jellies
  A hound (D:4)
  Jessica (D:2)
  Natasha (thrice) (D:3)
  6 iguanas
  10 orc wizards
  A scorpion zombie (D:3)
  4 gnolls (Orc:1)
  13 adders
  6 river rats (Sewer)
  A shadow imp (D:5)
  2 white imps
  An ufetubus (D:5)
  5 worms
  4 dart slugs
  38 orcs
  A bat (D:3)
  12 endoplasms
  A giant cockroach (D:1)
  4 goblins
  10 hobgoblins
  36 kobolds
  5 quokkas
  12 ball pythons
  8 frilled lizards
  A giant cockroach zombie (D:3)
  A quokka zombie (D:3)
  29 rats
487 creatures vanquished.

Vanquished Creatures (collateral kills)
  A foxfire (D:6)
1 creature vanquished.

Vanquished Creatures (others)
  An ogre (Orc:2)
  39 foxfires
40 creatures vanquished.

Grand Total: 528 creatures vanquished

Notes
Turn   | Place    | Note
-------+----------+-------------------------------------------
     0 | D:1      | shakesphere1979 the Djinni Air Elementalist began the quest
                  | for the Orb.
     0 | D:1      | shakesphere1979 set off with the following spells
                  | memorised: Shock, Static Discharge, Swiftness, Airstrike.
     0 | D:1      | Reached XP level 1. HP: 15/15 MP: 0/0
     9 | D:1      | Found a large runed translucent door.
     9 | D:1      | Found a large runed translucent door.
    69 | D:1      | Reached XP level 2. HP: 21/21 MP: 0/0
   127 | D:1      | Noticed a troll
   128 | D:1      | Noticed an ogre
   128 | D:1      | Noticed an ogre
   129 | D:1      | Noticed an ogre
   129 | D:1      | Noticed an ogre
   277 | D:1      | Found a faded altar of an unknown god.
   591 | D:1      | Reached skill level 3 in Dodging
   591 | D:1      | Reached XP level 3. HP: 22/25 MP: 0/0
   591 | D:1      | Learned a level 1 spell: Foxfire
  1393 | D:2      | Reached XP level 4. HP: 23/31 MP: 0/0
  1665 | D:2      | Noticed Jessica
  1682 | D:2      | Killed Jessica
  1812 | D:2      | Reached skill level 4 in Dodging
  1946 | D:2      | Reached XP level 5. HP: 35/36 MP: 0/0
  1946 | D:2      | Learned a level 2 spell: Scorch
  2117 | D:2      | Reached skill level 1 in Fighting
  2163 | D:3      | Found Mutoadah's Weapon Shoppe.
  2333 | D:3      | Found a basalt altar of Yredelemnul.
  2452 | D:3      | Found a transporter.
  2456 | D:3      | Noticed Wiilli's ghost (amateur GrEE)
  2460 | D:3      | Noticed Natasha
  2499 | D:3      | Killed Natasha
  2558 | D:3      | Noticed Natasha
  2573 | D:3      | Killed Natasha
  2574 | D:3      | Reached XP level 6. HP: 36/46 MP: 0/0
  2612 | D:3      | Noticed Natasha
  2618 | D:3      | Killed Natasha
  2633 | D:3      | Identified the +7 ring mail of Boplow {Str+2}
  2640 | D:3      | Found a sacrificial altar of Ru.
  2933 | D:3      | Found a transporter.
  3280 | D:4      | Reached XP level 7. HP: 14/51 MP: 0/0
  3280 | D:4      | Learned a level 3 spell: Stone Arrow
  3561 | D:4      | Found a hazy altar of Hepliaklqana.
  3714 | D:4      | Reached skill level 1 in Evocations
  3850 | D:4      | Found a runed translucent door.
  3856 | D:4      | Noticed cforsyth's ghost (novice GnAr)
  3873 | D:4      | Found a snail-covered altar of Cheibriados.
  3887 | D:4      | Became a worshipper of Cheibriados the Contemplative
  4214 | D:5      | Entered Level 5 of the Dungeon
  4474 | D:5      | HP: 2/52 [something (2)]
  4475 | D:5      | Reached XP level 8. HP: 3/58 MP: 0/0
  4479 | D:5      | HP: 2/58 [something (4)]
  4798 | D:5      | Reached skill level 5 in Spellcasting
  4798 | D:5      | Reached skill level 5 in Conjurations
  4798 | D:5      | Reached skill level 5 in Hexes
  4798 | D:5      | Reached skill level 5 in Summonings
  4798 | D:5      | Reached skill level 5 in Necromancy
  4798 | D:5      | Reached skill level 5 in Translocations
  4798 | D:5      | Reached skill level 5 in Transmutations
  4798 | D:5      | Reached skill level 5 in Fire Magic
  4798 | D:5      | Reached skill level 5 in Ice Magic
  4798 | D:5      | Reached skill level 5 in Air Magic
  4798 | D:5      | Reached skill level 5 in Earth Magic
  4798 | D:5      | Reached skill level 5 in Poison Magic
  4941 | D:5      | Reached skill level 1 in Throwing
  5099 | D:6      | Reached * piety under Cheibriados
  5115 | D:6      | Found a glowing drain.
  5119 | Sewer    | Entered a sewer
  5367 | Sewer    | Reached ** piety under Cheibriados
  5572 | Sewer    | Reached *** piety under Cheibriados
  5573 | Sewer    | Reached skill level 5 in Fighting
  5573 | Sewer    | Reached skill level 5 in Dodging
  5573 | Sewer    | Reached XP level 9. HP: 42/65 MP: 0/0
  5573 | Sewer    | Learned a level 3 spell: Volatile Blastmotes
  5838 | Sewer    | Identified 2 scrolls of acquirement
  5838 | Sewer    | Acquired the ring of the Real Monster {rElec Will+ Int+2
                  | SInv Stlth+}
  6397 | D:6      | Found a staircase to the Ecumenical Temple.
  6622 | D:6      | Reached skill level 6 in Dodging
  6851 | D:7      | Reached skill level 1 in Invocations
  7012 | D:7      | Found a burning altar of Makhleb.
  7223 | D:7      | Reached XP level 10. HP: 73/73 MP: 0/0
  7271 | D:7      | Reached **** piety under Cheibriados
  7575 | D:8      | Found a blossoming altar of Fedhas.
  7840 | D:8      | Upgraded the game from 0.31-a0-358-gac0dbeb3ab to
                  | 0.31-a0-360-gb3e1d13bf4
  8453 | D:9      | Found a staircase to the Orcish Mines.
  8570 | D:9      | Noticed a guardian serpent
  8570 | D:9      | a guardian serpent changed into a yaktaur
  8570 | D:9      | Noticed a yaktaur (shapeshifter)
  8603 | D:9      | Noticed an elephant
  8755 | D:9      | Noticed a two-headed ogre
  9110 | D:9      | Noticed a shock serpent
  9114 | D:9      | Killed a shock serpent
  9115 | D:9      | Reached XP level 11. HP: 61/81 MP: 0/0
  9115 | D:9      | Learned a level 4 spell: Leda's Liquefaction
  9126 | D:9      | Reached skill level 5 in Invocations
  9126 | D:9      | Reached skill level 5 in Evocations
  9132 | D:9      | Reached skill level 7 in Dodging
  9252 | D:9      | Killed a two-headed ogre
  9252 | D:9      | Reached ***** piety under Cheibriados
  9437 | D:10     | Entered Level 10 of the Dungeon
  9645 | D:10     | Noticed a two-headed ogre
  9650 | D:10     | Killed a two-headed ogre
  9669 | D:10     | Found a shimmering altar of Xom.
  9670 | D:10     | Found a sparkling altar of Nemelex Xobeh.
  9720 | D:10     | Found a staircase to the Lair.
  9823 | D:10     | Noticed a cyclops
  9866 | D:10     | Reached skill level 8 in Dodging
 10362 | D:10     | Killed a cyclops
 10581 | Lair:1   | Entered Level 1 of the Lair of Beasts
 11061 | Lair:1   | Reached skill level 9 in Dodging
 11306 | Lair:2   | Noticed a catoblepas
 11425 | Lair:2   | Found a staircase to the Swamp.
 11517 | Lair:1   | Reached XP level 12. HP: 63/86 MP: 0/0
 11531 | Lair:1   | Reached skill level 1 in Armour
 11532 | Lair:1   | Reached skill level 1 in Staves
 11917 | Lair:2   | Acquired the ring of Nuaresum {Dex+4 Slay+4}
 12077 | Lair:2   | Killed a catoblepas
 12304 | Lair:2   | Found a hole to the Spider Nest.
 13123 | Lair:3   | Noticed a five-headed hydra
 13128 | Lair:3   | Killed a five-headed hydra
 13129 | Lair:3   | Reached skill level 5 in Armour
 13717 | Lair:4   | Reached skill level 10 in Fighting
 13717 | Lair:4   | Reached XP level 13. HP: 86/96 MP: 0/0
 13717 | Lair:4   | Learned a level 5 spell: Borgnjor's Vile Clutch
 13996 | Lair:4   | Reached ****** piety under Cheibriados
 14365 | Lair:4   | Noticed an eight-headed hydra
 14389 | Lair:4   | Killed an eight-headed hydra
 14455 | Lair:4   | Reached skill level 10 in Dodging
 14455 | Lair:4   | Reached skill level 10 in Invocations
 14654 | Lair:4   | Found a staircase to the Slime Pits.
 14654 | Lair:4   | Found a viscous altar of Jiyva.
 15004 | Lair:5   | Entered Level 5 of the Lair of Beasts
 15004 | Lair:5   | Noticed a five-headed hydra
 15009 | Lair:5   | Killed a five-headed hydra
 15216 | Lair:5   | HP: 3/96 [cane toad (5)]
 15328 | Lair:5   | Reached skill level 11 in Dodging
 15453 | Lair:5   | Reached XP level 14. HP: 70/103 MP: 0/0
 15515 | Lair:5   | Upgraded the game from 0.31-a0-360-gb3e1d13bf4 to
                  | 0.31-a0-365-gcf821cafb2
 15561 | Lair:5   | Found an ornate altar of the Wu Jian Council.
 15589 | Lair:5   | Reached skill level 10 in Evocations
 16075 | Lair:5   | Found a hide-covered altar of Uskayaw.
 16985 | Orc:1    | Entered Level 1 of the Orcish Mines
 17227 | Orc:2    | Entered Level 2 of the Orcish Mines
 17227 | Orc:2    | Found a staircase to the Elven Halls.
 17230 | Orc:2    | Noticed an orc warlord
 17256 | Orc:2    | Noticed an orc warlord
 17256 | Orc:2    | Found a flickering gateway to a bazaar.
 17415 | Orc:2    | Slain by an orc warrior

Illustrated notes

Levels and vault maps discovered:
D:1:      erik_arrival_cave_to_civilisation [erik_arrival_cave_to_temple],
          layout_basic, shapermc_ecumenical_altar_rom_forum
D:2:      layout_loops_ring, minmay_crystal_water, uniq_jessica
D:3:      layout_basic, nicolae_yredelemnul_corpse_copse,
          nicolae_ru_sacrificial_ziggurat, gammafunk_ghost_mausoleum,
          serial_shops, shop, uniq_natasha
D:4:      layout_basic, amethyst_overflow_temple_binary, slow_altar_2,
          ebering_ghost_sewer_d, kennysheep_cross_room
D:5:      minmay_recursive_quarters, layout_rooms
D:6:      layout_layer_cave, minmay_temple_entry_purple_smoke, serial_bayou,
          serial_bayou_shore_a, serial_bayou_ford_a, serial_bayou_pond_d,
          serial_bayou_pond_e, serial_bayou_pond_d, gup_sewer_entry_bowl
D:7:      layout_cave_pools, nicolae_overflow_crystal_walls, minivault_1
D:8:      layout_gridville, general_overflow_altar
D:9:      layout_loops_ring, orc_0_dummy
D:10:     layout_loops_cross, chequers_temple_overflow_statue_of_worship,
          david_lair_shrubbed, minmay_mirror_moons_of_madness
Lair:1:   layout_roguey, serial_bayou_crossing
Lair:2:   dpeg_oklob_gauntlet, layout_regular_city, minmay_swamp_entry_worms,
          hellmonk_spider_entry_life_and_decay, nicolae_quartered_pool_super,
          beast_lair_carwin_4, grunt_megastairs_3, lemuel_fruit_tree
Lair:3:   layout_loops_ring, cheibrodos_lair_reptile_den
Lair:4:   layout_hall_layers, minmay_slime_entry_pillars, wad_woods_01,
          grunt_megastairs_2
Lair:5:   hangedman_lair_tendril_chambers, layout_long_grid,
          guppyfry_lair_end_dragon, chequers_serial_rivers_micro_a,
          nzn_masters_of_martial_movement
Orc:1:    layout_caves
Orc:2:    st_orc_mages, layout_caves, serial_shops, bzr_entry_lakeside

Skill      XL: |  1  2  3  4  5  6  7  8  9 10 11 12 13 14 |
---------------+-------------------------------------------+-----
Spellcasting   | 4 5 7 9 |  9.4
Conjurations   | 4 5 7 9 |  9.4
Hexes          | 4 5 7 9 |  9.4
Summonings     | 4 5 7 9 |  9.4
Necromancy     | 4 5 7 9 |  9.4
Translocations | 4 5 7 9 |  9.4
Transmutations | 4 5 7 9 |  9.4
Fire Magic     | 4 5 7 9 |  9.4
Ice Magic      | 4 5 7 9 |  9.4
Air Magic      | 4 5 7 9 |  9.4
Earth Magic    | 4 5 7 9 |  9.4
Poison Magic   | 4 5 7 9 |  9.4
Stealth        | 2 3 4 |  4.0
Dodging        | 3 4 5 6 9 11 | 11.0
Fighting       | 3 4 5 6 8 10 | 10.4
Evocations     | 3 4 7 9 10 | 10.0
Throwing       | 2 3 |  3.0
Invocations    | 3 4 7 8 10 | 10.0
Armour         | 5 |  5.8
Staves         | 4 |  4.0

Action                     |  1- 3 |  4- 6 |  7- 9 | 10-12 | 13-15 || total
---------------------------+-------+-------+-------+-------+-------++-------
  Melee: Unarmed           |     2 |       |       |       |       ||     2
         Short sword       |     9 |       |       |       |       ||     9
         Dagger            |       |    33 |    38 |       |       ||    71
         Punch             |       |       |     1 |       |     1 ||     2
         Whip              |       |       |       |     4 |       ||     4
         Staff             |       |       |       |       |    31 ||    31
         War axe           |       |       |       |       |     2 ||     2
  Throw: Dart              |       |     7 |    32 |    15 |     4 ||    58
   Cast: Shock             |    70 |   104 |   169 |    74 |    99 ||   516
         Scorch            |       |     7 |    28 |    23 |       ||    58
         Foxfire           |       |       |    15 |     3 |     6 ||    24
         Airstrike         |       |       |     9 |     3 |     4 ||    16
         Volatile Blastmot |       |       |     3 |    46 |    51 ||   100
         Stone Arrow       |       |       |     2 |   206 |   282 ||   490
         Leda's Liquefacti |       |       |       |     1 |     1 ||     2
         Borgnjor's Vile C |       |       |       |       |     5 ||     5
 Invoke: Bend Time         |       |       |       |     5 |       ||     5
         Step From Time    |       |       |       |       |     1 ||     1
  Evoke: Wand              |       |       |     2 |     4 |     1 ||     7
    Use: Scroll            |       |    10 |     9 |    11 |     8 ||    38
         Potion            |       |       |     6 |       |     2 ||     8
   Stab: Sleeping          |       |     1 |     1 |       |       ||     2
         Paralysed         |       |       |     6 |       |       ||     6
         Invisible         |       |       |     1 |       |     1 ||     2
 Armour: Robe              |     9 |     5 |     8 |       |       ||    22
         Steam dragon scal |       |       |       |    12 |       ||    12
         Acid dragon scale |       |       |       |    21 |    65 ||    86
  Dodge: Dodged            |    35 |    35 |   101 |   317 |   296 ||   784

Table legend: (Time is in decaauts)
 A = Elapsed time spent in this place.
 B = Non-inter-level travel time spent in this place.
 C = Inter-level travel time spent in this place.
 D = Time resting spent in this place.
 E = Time spent auto-exploring this place.
 F = Levels seen in this place.
 G = Mean time per level.
                   A        B        C        D        E       F      G
               +--------+--------+--------+--------+--------+-----+--------+
         Total |  25242 |  24310 |    932 |      0 |  15787 |  18 | 1402.3 |
       Dungeon |  12804 |  12251 |    553 |      0 |   8826 |  10 | 1280.4 |
          Lair |  10751 |  10374 |    377 |      0 |   6039 |   5 | 2150.2 |
  Orcish Mines |    683 |    683 |      0 |      0 |    335 |   2 |  341.5 |
         Sewer |   1004 |   1004 |      0 |      0 |    587 |   1 | 1004.0 |
               +--------+--------+--------+--------+--------+-----+--------+

Top non-repeatable levels by time:
  Lair:4: 2512 daAuts
  Lair:5: 2343 daAuts
  Lair:2: 2307 daAuts
  Lair:1: 1929 daAuts
    D:10: 1887 daAuts
     D:9: 1785 daAuts
  Lair:3: 1658 daAuts
     D:8: 1549 daAuts
     D:6: 1435 daAuts
     D:1: 1321 daAuts
     D:4: 1147 daAuts
   Sewer: 1004 daAuts
     D:3: 998 daAuts
     D:5: 975 daAuts
     D:7: 858 daAuts
